 Dungeon Crawl Stone Soup version 0.25-a0-156-g0c4bda3fdf (webtiles) character file.

Game seed: 12666061629930767812, levelgen mode: deterministic

198 MisterFreud the Changer (level 5, 0/22 HPs)
             Began as a Felid Transmuter on Nov 20, 2019.
             Slain by Duvessa
             ... wielding a +0 short sword
              (5 damage)
             ... on level 4 of the Dungeon.
             The game lasted 00:05:48 (3689 turns).

MisterFreud the Changer (Felid Transmuter)          Turns: 3689, Time: 00:05:49

Health: 0/22       AC:  2    Str:  6    XL:     5   Next: 47%
Magic:  6/11       EV: 21    Int: 15    God:
Gold:   157        SH:  0    Dex: 22    Spells: 4/10 levels left
                                        Lives:  0   Deaths: 1

rFire    . . .     SeeInvis +     - Unarmed
rCold    . . .     Gourm    .   (shield unavailable)
rNeg     . . .     Faith    .   (armour unavailable)
rPois    .         Spirit   .   (helmet unavailable)
rElec    .         Reflect  .   (cloak unavailable)
rCorr    .         Harm     .   (gloves unavailable)
MR       .....                  (boots unavailable)
Stlth    +++.......             (no amulet)
HPRegen  0.07/turn              h - ring of poison resistance
MPRegen  0.12/turn              (no ring)

@: spider-form (expiring)
A: tiny, no armour, no weapons or thrown items, stealth, see invisible,
carnivore, slow metabolism 1
a: End Transformation


You were on level 4 of the Dungeon.
You were very full.
You were a venomous arachnid creature.
You visited 1 branch of the dungeon, and saw 4 of its levels.

You collected 157 gold pieces.

Inventory:

Missiles
 a - 12 arrows
Jewellery
 h - a ring of poison resistance (left front leg)
Scrolls
 e - a scroll of random uselessness {unknown}
 f - a scroll of amnesia
Potions
 b - a potion of resistance
 d - a potion of magic
 g - 2 potions of flight
 i - a potion of mutation {unknown}
 j - a potion of agility
 k - a potion of curing {unknown}
 l - 2 potions of lignification {unknown}
Comestibles
 c - 3 rations


   Skills:
 - Level 1.0 Fighting
 - Level 2.6 Dodging
 + Level 3.2 Stealth
 - Level 3.0 Unarmed Combat
 + Level 3.4 Spellcasting
 * Level 5.4 Transmutations


You had 4 spell levels left.
You knew the following spells:

 Your Spells              Type           Power        Failure   Level  Hunger
a - Beastly Appendage     Tmut           ###...       8%          1    None
b - Sticks to Snakes      Tmut           ###.....     11%         2    ##.....
c - Spider Form           Tmut/Pois      ##........   38%         3    ###....

Your spell library contained the following spells:

 Spells                   Type           Power        Failure   Level  Hunger
 Animate Skeleton         Necr           N/A          38%         1    None
 Apportation              Tloc           #.....       38%         1    None
 Confusing Touch          Hex            #.....       38%         1    None
 Summon Small Mammal      Summ           #...         38%         1    None
 Ice Form                 Ice/Tmut       ##......     73%         4    ####...
 Blade Hands              Tmut           ###.......   71%         5    ######.


Dungeon Overview and Level Annotations

Branches:
Dungeon (4/15)
 Temple: D:4-7

Altars:
Cheibriados
Gozag
Okawaru

Shops:
D:4 :

Annotations:
D:4 Duvessa


Innate Abilities, Weirdness & Mutations

You cannot wear armour.
You are incapable of wielding weapons or throwing items.
Your paws allow you to move quietly. (Stealth)
((You have sharp claws.))
((You have razor-sharp teeth.))
You have supernaturally acute eyesight. (SInv)
You are carnivorous and can eat meat at any time.
((You cover ground quickly.))
((You are covered in fur. (AC +1)))
You have a slow metabolism.
((Your sharp claws are effective at attacking unaware monsters.))


Message History

You miss Dowan.
Dowan is heavily wounded.
Dowan misses you.
You closely miss Dowan.
Dowan is heavily wounded.
Dowan barely misses you.
You hit Dowan.
You kill Dowan!
Duvessa screams, "No!
How DARE you!"
Duvessa goes berserk!
Your transformation is almost over.
Duvessa closely misses you. Duvessa misses you.
You barely miss Duvessa. Duvessa hits you with a +0 short sword!
Ouch! That really hurt!
* * * LOW HITPOINT WARNING * * *
You hit Duvessa.
Duvessa is poisoned.
Duvessa is lightly wounded.
Duvessa completely misses you. Duvessa hits you with a +0 short sword.
You die...

########.#########
#...........#
#.#.#######.#
#.#.#######.#
##########+#.........#
#............#########
#...................
#...)........#######
#....es......#
#............#
#....###.....#
#....#∩+.....#
#....###.....#
#............#
##############


You could see Duvessa (berserk).

Vanquished Creatures
  Dowan (D:4)
  2 orc priests (D:3)
  2 worker ants
  4 adders
  3 oozes
  2 worms
  4 dart slugs
  5 leopard geckos
  7 orcs (D:3)
  4 giant cockroaches
  5 goblins
  5 hobgoblins
  2 quokkas (D:3)
  3 ball pythons
  5 bats
  3 frilled lizards
  5 kobolds
  6 rats (D:3)
68 creatures vanquished.

Notes
Turn   | Place    | Note
-------+----------+-------------------------------------------
     0 | D:1      | MisterFreud the Felid Transmuter began the quest for the
                  | Orb.
     0 | D:1      | Reached XP level 1. HP: 9/9 MP: 4/4
   125 | D:1      | Reached XP level 2. HP: 3/12 MP: 6/6
   472 | D:1      | Reached skill level 3 in Transmutations
   810 | D:1      | Reached XP level 3. HP: 12/15 MP: 5/7
   908 | D:1      | Learned a level 2 spell: Sticks to Snakes
   912 | D:1      | Learned a level 3 spell: Spider Form
  1743 | D:2      | Reached skill level 4 in Transmutations
  1912 | D:2      | Found an opulent altar of Gozag.
  2199 | D:3      | Reached XP level 4. HP: 19/19 MP: 9/9
  2237 | D:3      | Reached skill level 1 in Stealth
  2258 | D:3      | Found an iron altar of Okawaru.
  2925 | D:3      | Found a snail-covered altar of Cheibriados.
  2943 | D:3      | Reached XP level 5. HP: 20/22 MP: 7/10
  3288 | D:3      | Slain by an orc priest
  3289 | D:3      | Reached XP level 4. HP: 0/19 MP: 9/9
  3304 | D:3      | Reached skill level 5 in Transmutations
  3658 | D:4      | Reached XP level 5. HP: 22/22 MP: 6/11
  3673 | D:4      | Noticed Dowan
  3676 | D:4      | Noticed Duvessa
  3679 | D:4      | Found Hilikk's Book Shoppe.
  3686 | D:4      | Killed Dowan
  3689 | D:4      | Slain by Duvessa

Levels and vault maps discovered:
D:1:      lemuel_arrival_rhombus, layout_basic, minmay_misc_feat_hallway,
          st_stairs_9, bh_walls_and_bars
D:2:      layout_basic, nicolae_overflow_hidden_temple, roderic_roman_lattice
D:3:      layout_loops_corners, nicolae_overflow_crystal_walls,
          cheibriados_altar_1, hangedman_decor_clover_reticule,
          grunt_ministairs_2, hangedman_decor_points, saegor_snake_ambush
D:4:      layout_basic, temple_fountains, serial_shops,
          nicolae_shop_window_shopping, first_ration, uniq_duvessa

Skill      XL: |  1  2  3  4 |
---------------+-------------+-----
Transmutations | 3 4 5 |  5.4
Stealth        | 3 |  3.2
Spellcasting   | 3 |  3.4
Fighting       | |  1.0
Dodging        | |  2.6
Unarmed Combat | |  3.0

Action                   |  1- 3 |  4- 6 || total
-------------------------+-------+-------++-------
Melee: Unarmed           |    67 |   106 ||   173
       Bite              |     8 |     3 ||    11
       Headbutt          |     6 |     3 ||     9
       Punch             |     1 |       ||     1
 Cast: Beastly Appendage |    14 |     3 ||    17
       Spider Form       |     1 |     9 ||    10
 Abil: End Transformatio |       |     1 ||     1
  Use: Scroll            |     6 |     1 ||     7
       Potion            |       |     1 ||     1
 Stab: Sleeping          |     6 |     9 ||    15
  Eat: Chunk             |     8 |     9 ||    17
Armor: Skin              |     5 |     3 ||     8
Dodge: Dodged            |    44 |    80 ||   124

Table legend:
 A = Non-vault XP
 B = Vault XP
 C = Vault XP percentage of total XP
 D = Non-vault monster count
 E = Vault monster count
 F = Vault count percentage of total count
                 A         B        C        D         E       F
            +---------+---------+-------+---------+---------+-------
      Total |     319 |      88 |  21.6 |      62 |       6 |   8.8
            +---------+---------+-------+---------+---------+-------
        D:1 |      40 |       3 |   7.0 |      15 |       2 |  11.8
        D:2 |      52 |       0 |   0.0 |      13 |       0 |   0.0
        D:3 |     194 |      16 |   7.6 |      33 |       3 |   8.3
        D:4 |      33 |      69 |  67.6 |       1 |       1 |  50.0
            +---------+---------+-------+---------+---------+-------
